 Dungeon Crawl Stone Soup version 0.29-a0-919-gd064cfad1c (webtiles) character file.

Game seed: 1608131048455894162

76 ptdevnull the Chopper (level 4, -1/36 HPs)
             Began as a Barachi Fighter on July 27, 2022.
             Slain by an orc
             ... wielding a +0 mace
              (3 damage)
             ... on level 3 of the Dungeon.
             The game lasted 00:02:40 (1803 turns).

ptdevnull the Chopper (Barachi Fighter)             Turns: 1803, Time: 00:02:41

Health: -1/36      AC:  9    Str: 19    XL:     4   Next: 32%
Magic:  4/4        EV:  9    Int:  9    God:
Gold:   135        SH:  4    Dex: 11    Spells: 3/3 levels left

rFire   . . .      SeeInvis .   a - +0 war axe
rCold   . . .      Faith    .   c - +0 buckler
rNeg    . . .      Spirit   .   b - +0 scale mail
rPois   .          Reflect  .   (no helmet)
rElec   .          Harm     .   (no cloak)
rCorr   .          Rampage  .   l - +0 pair of gloves
Will    .....                   f - +0 pair of boots
Stlth   ..........              (no amulet)
HPRegen 0.12/turn               (no ring)
MPRegen 0.09/turn               (no ring)

@: mighty, slow
A: amphibious, slowness 1, strong legs 1, +LOS
a: Hop


You were on level 3 of the Dungeon.
You visited 1 branch of the dungeon, and saw 3 of its levels.

You collected 135 gold pieces.

Inventory:

Hand Weapons
 a - a +0 war axe (weapon)
Armour
 b - a +0 scale mail (worn)
 c - a +0 buckler (worn)
 f - a +0 pair of boots (worn)
 l - a +0 pair of gloves (worn)
Scrolls
 g - 2 scrolls of identify {unknown}
 h - a scroll of summoning {unknown}
 i - a scroll of blinking {unknown}
 j - a scroll of brand weapon {unknown}
 k - a scroll of teleportation {unknown}
 m - a scroll of vulnerability {unknown}
 o - a scroll of noise {unknown}
 p - a scroll of fear {unknown}
Potions
 d - a potion of might
 e - a potion of lignification {unknown}
 n - 2 potions of curing {unknown}


   Skills:
 - Level 3.6 Fighting
 + Level 4.9 Axes
 - Level 3.6 Armour
 - Level 3.2 Shields


You had 3 spell levels left.
You didn't know any spells.
Your spell library was empty.

Dungeon Overview and Level Annotations

Branches:
Dungeon (3/15)

Altars:
Gozag
Qazlal


Innate Abilities, Weirdness & Mutations

You are amphibious.
You cover ground slowly.
You can hop short distances.
You have an extended range of vision and can be seen from far away.


Message History

The orc priest begins to cast a cantrip, but forgets the words!
The orc hits you but does no damage.
You feel drained.
Your life force feels restored.
You have reached level 4!
You feel clever.
You closely miss the orc. You hit the orc. The orc barely misses you.
The orc hits you but does no damage. You block the orc's attack.
The orc hits you but does no damage.
You closely miss the orc. You hit the orc.
You kill the orc!
The orc hits you with a +0 mace.
* * * LOW HITPOINT WARNING * * *
Unknown command.
You hit the orc but do no damage. The orc barely misses you.
You closely miss the orc. The orc hits you with a +0 mace.
* * * LOW HITPOINT WARNING * * *
The orc barely misses you.
Unknown command.
You barely miss the orc.
An orc comes into view. It is wielding a +0 mace.
The orc hits you but does no damage.
The orc shouts!
You hit the orc.
The orc is lightly wounded.
The orc hits you with a +0 mace.
* * * LOW HITPOINT WARNING * * *
Unknown command.
Press: ? - help, v - describe, . - travel, g - get item
Here: an orc, wielding a +0 mace and wearing a +0 chain mail (lightly wounded)
Items here: a +0 dagger; a +0 robe; an orc corpse.
The floor.
You feel very mighty all of a sudden. You block the orc's attack.
You hit the orc.
The orc is severely wounded.
The orc barely misses you. x2
You closely miss the orc.
The orc is severely wounded.
The orc hits you with a +0 mace.
You die...

≈... ... ### .o.
..# oo #.# oo #.#
#. #)# #. #@#
.###.##.##o#
........)oo####.##
###########......#
#.###..#
#######.###..#
#............#
#.#####.##...# #.#
#.# ..#


You could see an orc priest and 2 orcs.

Vanquished Creatures
  An orc wizard (D:3)
  An adder (D:2)
  3 orcs (D:3)
  3 endoplasms (D:2)
  3 giant cockroaches (D:2)
  5 goblins
  5 hobgoblins
  4 jackals (D:2)
  3 ball pythons
  2 bats
  A frilled lizard (D:1)
  2 kobolds
  2 rats (D:1)
35 creatures vanquished.

Notes
Turn   | Place    | Note
-------+----------+-------------------------------------------
     0 | D:1      | ptdevnull the Barachi Fighter began the quest for the Orb.
     0 | D:1      | Reached XP level 1. HP: 18/18 MP: 1/1
   317 | D:1      | Reached XP level 2. HP: 20/24 MP: 2/2
   320 | D:1      | Reached skill level 3 in Axes
   741 | D:1      | Found an opulent altar of Gozag.
  1088 | D:2      | Reached XP level 3. HP: 29/29 MP: 3/3
  1475 | D:2      | Reached skill level 4 in Axes
  1516 | D:2      | Found a stormy altar of Qazlal.
  1795 | D:3      | Reached XP level 4. HP: 10/36 MP: 4/4
  1800 | D:3      | HP: 1/36 [orc/+0 mace (3)]
  1803 | D:3      | Slain by an orc

Illustrated notes

Levels and vault maps discovered:
D:1:      dpeg_arrival_lava_altar, layout_rooms, minivault_19,
          corexii_item_surrounded_by_moat
D:2:      layout_loops_corners, basic_altar, nrook_mini_backslash
D:3:      layout_loops_corners, general_overflow_altar,
          shapermc_ecumenical_altar_acropolis, st_stairs_12, due_unseen_surprise

Skill      XL: |  1  2  3 |
---------------+----------+-----
Axes           | 3 4 |  4.9
Fighting       | |  3.6
Armour         | |  3.6
Shields        | |  3.2

Action                   |  1- 3 |  4- 6 || total
-------------------------+-------+-------++-------
Melee: War axe           |    92 |     8 ||   100
  Use: Potion            |       |     1 ||     1
Armor: Scale mail        |    57 |     3 ||    60
Dodge: Dodged            |    43 |     5 ||    48
Block: Buckler           |    21 |     2 ||    23

Table legend: (Time is in decaauts)
 A = Elapsed time spent in this place.
 B = Non-inter-level travel time spent in this place.
 C = Inter-level travel time spent in this place.
 D = Time resting spent in this place.
 E = Time spent auto-exploring this place.
 F = Levels seen in this place.
 G = Mean time per level.
                   A        B        C        D        E       F      G
               +--------+--------+--------+--------+--------+-----+--------+
         Total |   2099 |   2028 |     71 |     71 |   1655 |   3 |  699.7 |
       Dungeon |   2099 |   2028 |     71 |     71 |   1655 |   3 |  699.7 |
               +--------+--------+--------+--------+--------+-----+--------+

Top non-repeatable levels by time:
     D:2: 1106 daAuts
     D:1: 880 daAuts
     D:3: 111 daAuts
